 Dungeon Crawl Stone Soup version 0.25.1-9-gc5326a611f (webtiles) character file.

Game seed: 6447302350702632664

1466505 AlexTheUnready the Evocator (level 27, 189/207 HPs)
             Began as a Halfling Hunter on Dec 12, 2021.
             Was a High Priest of Okawaru.
             Escaped with the Orb
             ... and 3 runes on Dec 14, 2021!
             The game lasted 06:01:34 (115727 turns).

AlexTheUnready the Evocator (Halfling Hunter)     Turns: 115727, Time: 06:01:35

Health: 189/207    AC: 51    Str: 22    XL:     27
Magic:  39/39      EV: 14    Int: 13    God:    Okawaru [*****.]
Gold:   2656       SH: 21    Dex: 19    Spells: 26/26 levels left

rFire    + + .     SeeInvis +   A - +9 fustibalus (flame)
rCold    + . .     Gourm    .   O - +3 kite shield {rC+}
rNeg     + . .     Faith    +   a - +7 crystal plate armour of Saukecut {Regen+ rCorr Int+4}
rPois    +         Spirit   .   Y - +2 helmet {SInv}
rElec    +         Reflect  .   L - +2 cloak {Stlth+}
rCorr    +         Harm     .   y - +2 pair of gloves {archery}
MR       +++..                  l - +2 pair of boots {run}
Stlth    ..........             b - amulet of faith
HPRegen  0.84/turn              n - ring "Yneugh" {rPois rF++ rN+}
MPRegen  0.26/turn              w - ring of Qyerryba {rElec MR+}

@: quick
A: small, mutation resistance 1, poison resistance
0: Orb of Zot
}: 3/15 runes: decaying, silver, gossamer
a: Heroism, Finesse, Renounce Religion


You escaped.
You worshipped Okawaru.
Okawaru was extremely pleased with you.
You were not hungry.

You visited 11 branches of the dungeon, and saw 53 of its levels.
You also visited: Wizlab.

You collected 8751 gold pieces.
You spent 6095 gold pieces at shops.

Inventory:

Hand Weapons
 k - the +7 Singing Sword {vorpal, sonic wave}
   (You found it on level 4 of the Depths)

   It inflicts extra damage upon your enemies.
 m - the +9 sword of Zonguldrok {reap}
   (You took it off a skeletal warrior on level 3 of the Crypt)

   If a monster killed with it leaves a corpse in good enough shape, the corpse
   will be animated as a zombie friendly to the killer.
 A - a +9 fustibalus of flaming (weapon)
 K - the +11 hunting sling "Ripracs" {freeze, rElec Int+3}
   (Okawaru gifted it to you on level 5 of the Depths)

   It causes projectiles fired from it to freeze those they strike, causing
   extra injury to most foes and up to half again as much damage against
   particularly susceptible opponents.
   They can also slow down cold-blooded creatures.
   It affects your intelligence (+3).
   It insulates you from electricity.
 W - the +9 hunting sling of Eplustol {venom, rN+ Str+4 Dex+4 Stlth+}
   (Okawaru gifted it to you on level 3 of the Crypt)

   It poisons the ammo it fires.
   It affects your strength (+4).
   It affects your dexterity (+4).
   It protects you from negative energy.
   It makes you more stealthy.
 X - the +4 fustibalus of Rotation {freeze, MP+9}
   (Okawaru gifted it to you on level 3 of the Elven Halls)

   It causes projectiles fired from it to freeze those they strike, causing
   extra injury to most foes and up to half again as much damage against
   particularly susceptible opponents.
   They can also slow down cold-blooded creatures.
   It affects your magic capacity (+9).
 Z - the +11 hunting sling of the Whale {venom, Str+3 Dex+2}
   (Okawaru gifted it to you on level 4 of the Spider Nest)

   It poisons the ammo it fires.
   It affects your strength (+3).
   It affects your dexterity (+2).
Missiles
 d - 273 sling bullets (quivered)
 e - 916 stones
 T - 4 throwing nets
 U - 11 curare-tipped darts
Armour
 a - the +7 crystal plate armour of Saukecut (worn) {Regen+ rCorr Int+4}
   (Okawaru gifted it to you on level 2 of the Swamp)

   It affects your intelligence (+4).
   It increases your rate of regeneration.
   It provides partial protection from all sources of acid and corrosion.
 l - a +2 pair of boots of running (worn)
 v - the +4 moon troll leather armour {Spirit, Regen++ MP+5}
   (You took it off a moon troll in a wizard's laboratory)

   It affects your magic capacity (+5).
   It increases your rate of regeneration.
 y - a +2 pair of gloves of archery (worn)
 I - the +1 storm dragon scales of the Zebra {rElec rPois Regen+ Int+4}
   (You bought it in a shop on level 1 of the Orcish Mines)

   It affects your intelligence (+4).
   It insulates you from electricity.
   It protects you from poison.
   It increases your rate of regeneration.
 L - a +2 cloak of stealth (worn)
 O - a +3 kite shield of cold resistance (worn)
 Y - a +2 helmet of see invisible (worn)
Jewellery
 b - an amulet of faith (around neck)
 n - the ring "Yneugh" (left hand) {rPois rF++ rN+}
   (You acquired it on level 3 of the Vaults)

   [ring of poison resistance]

   It greatly protects you from fire.
   It protects you from poison.
   It protects you from negative energy.
 s - the ring of Duikuo {+Inv +Fly rPois Str+6}
   (You took it off a tengu reaver on level 5 of the Vaults)

   [ring of strength]

   It affects your strength (+6).
   It protects you from poison.
   It lets you turn invisible.
   It lets you fly.
 w - the ring of Qyerryba (right hand) {rElec MR+}
   (You took it off a spriggan berserker on level 2 of the Depths)

   [ring of protection from magic]

   It insulates you from electricity.
   It affects your resistance to hostile enchantments.
 H - the ring "Nehoar" {AC+4 Str+4 SInv}
   (You took it off a vault warden on level 5 of the Vaults)

   [ring of protection]

   It affects your AC (+4).
   It affects your strength (+4).
   It lets you see invisible.
 J - the ring of the Tempest {rElec rCorr Dex-2 SInv Stlth+}
   (You took it off an ironheart preserver on level 5 of the Vaults)

   [ring of resist corrosion]

   It affects your dexterity (-2).
   It insulates you from electricity.
   It lets you see invisible.
   It provides partial protection from all sources of acid and corrosion.
   It makes you more stealthy.
 S - the ring "Seteop" {rElec rCorr Str+3}
   (You bought it in a shop on level 9 of the Dungeon)

   [ring of resist corrosion]

   It affects your strength (+3).
   It insulates you from electricity.
   It provides partial protection from all sources of acid and corrosion.
Wands
 x - a wand of disintegration (33)
 D - a wand of clouds (19)
 F - a wand of digging (8)
 Q - a wand of acid (15)
 R - a wand of iceblast (10)
Scrolls
 c - 7 scrolls of fear
 g - 10 scrolls of fog
 j - 7 scrolls of blinking
 E - 17 scrolls of teleportation
 G - 11 scrolls of magic mapping
 P - 2 scrolls of summoning
 V - 13 scrolls of remove curse
Potions
 h - a potion of cancellation
 i - 3 potions of invisibility
 p - 3 potions of lignification
 r - 5 potions of resistance
 t - 2 potions of magic
 u - 13 potions of might
 z - 12 potions of mutation
 B - 16 potions of curing
 N - 8 potions of haste
Miscellaneous
 o - a tin of tremorstones (3/3)
 q - a phial of floods
 C - 7 phantom mirrors
 M - 3 boxes of beasts
Comestibles
 f - 44 rations


   Skills:
 - Level 22.0 Fighting
   Level 3.5 Short Blades
 - Level 22.0 Slings
 - Level 22.0 Armour
 - Level 9.0 Dodging
 - Level 1.1 Stealth
 - Level 22.0 Shields
 + Level 21.5 Invocations
 + Level 25.5 Evocations


You had 26 spell levels left.
You didn't know any spells.
Your spell library contained the following spells:

 Spells                   Type           Power        Failure   Level  Hunger
 Animate Skeleton         Necr           N/A          99%         1    ##.....
 Apportation              Tloc           #.....       99%         1    ##.....
 Beastly Appendage        Tmut           #.....       99%         1    ##.....
 Corona                   Hex            #......      99%         1    ##.....
 Foxfire                  Conj/Fire      #...         99%         1    ##.....
 Infusion                 Chrm           #...         99%         1    ##.....
 Magic Dart               Conj           #...         99%         1    ##.....
 Pain                     Necr           #...         99%         1    ##.....
 Sandblast                Erth           #.....       99%         1    ##.....
 Shock                    Conj/Air       #...         99%         1    ##.....
 Sting                    Tmut/Pois      #...         99%         1    ##.....
 Summon Butterflies       Summ           #.......     99%         1    ##.....
 Summon Small Mammal      Summ           #...         99%         1    ##.....
 Corpse Rot               Necr/Air       N/A          100%        2    ###....
 Ensorcelled Hibernation  Hex/Ice        #.....       100%        2    ###....
 Poisonous Vapours        Pois/Air       #.....       100%        2    ###....
 Searing Ray              Conj           #.....       100%        2    ###....
 Shroud of Golubria       Chrm/Tloc      #.....       100%        2    ###....
 Slow                     Hex            #.......     100%        2    ###....
 Song of Slaying          Chrm           #.......     100%        2    ###....
 Sticks to Snakes         Tmut           #.......     100%        2    ###....
 Sublimation of Blood     Necr           #.........   100%        2    ###....
 Call Canine Familiar     Summ           #.......     100%        3    ####...
 Confusing Touch          Hex            #.......     100%        3    ####...
 Conjure Flame            Conj/Fire      #.......     100%        3    ####...
 Dazzling Flash           Conj/Hex       #.....       100%        3    ####...
 Gell's Gravitas          Tloc           #.........   100%        3    ####...
 Ignite Poison            Fire/Tmut/Pois #.......     100%        3    ####...
 Inner Flame              Hex/Fire       #.......     100%        3    ####...
 Lesser Beckoning         Tloc           #.........   100%        3    ####...
 Mephitic Cloud           Conj/Pois/Air  #.......     100%        3    ####...
 Ozocubu's Armour         Chrm/Ice       #.......     100%        3    ####...
 Portal Projectile        Hex/Tloc       #.....       100%        3    ####...
 Recall                   Summ/Tloc      N/A          100%        3    ####...
 Spectral Weapon          Hex/Chrm       #.......     100%        3    ####...
 Spider Form              Tmut/Pois      #.........   100%        3    ####...
 Static Discharge         Conj/Air       #.......     100%        3    ####...
 Stone Arrow              Conj/Erth      #.....       100%        3    ####...
 Tukima's Dance           Hex            #.......     100%        3    ####...
 Vampiric Draining        Necr           #.........   100%        3    ####...
 Airstrike                Air            #.........   100%        4    #####..
 Animate Dead             Necr           N/A          100%        4    #####..
 Cause Fear               Hex            #.........   100%        4    #####..
 Dispel Undead            Necr           #.......     100%        4    #####..
 Fulminant Prism          Conj/Hex       #.........   100%        4    #####..
 Hailstorm                Conj/Ice       #.......     100%        4    #####..
 Ice Form                 Ice/Tmut       #.......     100%        4    #####..
 Iskenderun's Mystic Bla  Conj/Tloc      #.......     100%        4    #####..
 Leda's Liquefaction      Hex/Erth       #.........   100%        4    #####..
 Olgreb's Toxic Radiance  Pois           #.......     100%        4    #####..
 Petrify                  Tmut/Erth      #.......     100%        4    #####..
 Sticky Flame             Conj/Fire      #.......     100%        4    #####..
 Summon Ice Beast         Ice/Summ       #.......     100%        4    #####..
 Summon Lightning Spire   Summ/Air       #.......     100%        4    #####..
 Agony                    Necr           #.......     100%        5    ######.
 Alistair's Intoxication  Tmut/Pois      #.......     100%        5    ######.
 Blade Hands              Tmut           #.........   100%        5    ######.
 Bolt of Magma            Conj/Fire/Erth #.........   100%        5    ######.
 Borgnjor's Vile Clutch   Necr/Erth      #.........   100%        5    ######.
 Excruciating Wounds      Chrm/Necr      #.........   100%        5    ######.
 Fireball                 Conj/Fire      #.........   100%        5    ######.
 Iskenderun's Battlesphe  Conj/Chrm      #.......     100%        5    ######.
 Lee's Rapid Deconstruct  Erth           #.........   100%        5    ######.
 Lightning Bolt           Conj/Air       #.........   100%        5    ######.
 Metabolic Englaciation   Hex/Ice        #.........   100%        5    ######.
 Silence                  Hex/Air        #.........   100%        5    ######.
 Summon Forest            Summ/Tloc      #.........   100%        5    ######.
 Summon Mana Viper        Hex/Summ       #.......     100%        5    ######.
 Yara's Violent Unravell  Hex/Tmut       #.........   100%        5    ######.
 Conjure Ball Lightning   Conj/Air       #.........   100%        6    #######
 Darkness                 Hex            #.........   100%        6    #######
 Death Channel            Necr           #.........   100%        6    #######
 Eringya's Noxious Bog    Tmut/Pois      #.........   100%        6    #######
 Freezing Cloud           Conj/Ice/Air   #.........   100%        6    #######
 Hydra Form               Tmut           #.........   100%        6    #######
 Invisibility             Hex            #.......     100%        6    #######
 Iron Shot                Conj/Erth      #.........   100%        6    #######
 Ozocubu's Refrigeration  Ice            #.........   100%        6    #######
 Shadow Creatures         Summ           N/A          100%        6    #######
 Simulacrum               Ice/Necr       #.........   100%        6    #######
 Statue Form              Tmut/Erth      #........    100%        6    #######
 Dragon Form              Tmut           #.........   100%        7    #######
 Haunt                    Necr/Summ      #.........   100%        7    #######
 Malign Gateway           Summ/Tloc      #.........   100%        7    #######
 Orb of Destruction       Conj           #.........   100%        7    #######
 Ring of Flames           Chrm/Fire      #.........   100%        7    #######
 Spellforged Servitor     Conj/Summ      #.........   100%        7    #######
 Summon Hydra             Summ           #.........   100%        7    #######
 Borgnjor's Revivificati  Necr           #.........   100%        8    #######
 Chain Lightning          Conj/Air       #.........   100%        8    #######
 Death's Door             Chrm/Necr      #.........   100%        8    #######
 Discord                  Hex            #.........   100%        8    #######
 Ignition                 Fire           #.........   100%        8    #######
 Infestation              Necr           #.........   100%        8    #######
 Lehudib's Crystal Spear  Conj/Erth      #.........   100%        8    #######
 Necromutation            Tmut/Necr      #.........   100%        8    #######
 Absolute Zero            Ice            #.........   100%        9    #######
 Dragon's Call            Summ           #.........   100%        9    #######
 Fire Storm               Conj/Fire      #.........   100%        9    #######
 Shatter                  Erth           #.........   100%        9    #######
 Tornado                  Air            #.........   100%        9    #######


Dungeon Overview and Level Annotations

Branches:
Dungeon (15/15)            Temple (1/1) D:6            Lair (6/6) D:8
  Swamp (4/4) Lair:3       Spider (4/4) Lair:2        Slime (0/5) Lair:5
    Orc (2/2) D:9             Elf (3/3) Orc:2        Vaults (5/5) D:14
  Crypt (3/3) Vaults:2       Tomb (0/3) Crypt:3      Depths (5/5) D:15
    Zot (5/5) Depths:5     WizLab (visited)

Altars:
Ashenzari
Cheibriados
Dithmenos
Elyvilon
Fedhas
Gozag
Hepliaklqana
Kikubaaqudgha
Makhleb
Nemelex Xobeh
Okawaru
Qazlal
Ru
Sif Muna
Trog
Uskayaw
Vehumet
Wu Jian
Xom
Yredelemnul
Zin
The Shining One
Beogh
Lugonu

Shops:
D:8 !   D:9 =   Orc:1 [   Orc:2 }:((   Elf:2 (   Elf:3 }(   Vaults:1 !
Vaults:3 *   Vaults:4 *   Zot:2 *   Depths:1 ?   Depths:5 =

Portals:
Hell: Depths:1 Depths:2 Depths:3 Depths:4 Depths:5
Abyss: Depths:1 Depths:4
Pandemonium: Depths:3
Ziggurat: Depths:2
Trove: D:11 (give 7 scrolls of fear)

Annotations:
Lair:4 exclusion: oklob plant
Zot:4 2 transporters, exclusion: obsidian statue


Innate Abilities, Weirdness & Mutations

You are small and have problems with some larger weapons.
You are somewhat resistant to further mutation.
Your system is resistant to poisons. (rPois)


Message History

Firing (i - inventory. (/) - cycle)
d - 270 sling bullets (quivered)
Press: ? - help, Shift-Dir - straight line, f/p - sun demon
Aim: a sun demon (severely wounded)
You shoot a sling bullet. The sling bullet hits the sun demon!
The sun demon is almost dead.
The sun demon hits you but does no damage.
Firing (i - inventory. (/) - cycle)
d - 269 sling bullets (quivered)
Press: ? - help, Shift-Dir - straight line, f/p - sun demon
Aim: a sun demon (almost dead)
You shoot a sling bullet. The sling bullet hits the sun demon!!!
You kill the sun demon!
Okawaru accepts your kill.
No target in view!
No target in view!
d - 270 sling bullets (gained 2)
d - 272 sling bullets (gained 2)
There is an open door here.
d - 273 sling bullets (gained 1)
There is a staircase leading out of the dungeon here.
You have escaped!

.##.# #..####.##.###.## .##'##
##.##..........# )#...##
####.####.##### ......## ###
#.'.# #.#### .......## ##.###.###
#.##.## #
........####...##.######.#...####
................#.#....[........'
.........###...##.#.####.#...####
.......#.####.##@.'.# #.##.## #
#.....##.##....##.######.####
.....###.##.###.#.# #......#
###+## #.##.###.#.# #.#.##.# #.#
#........#.####.#.##.# #.#
####.#####.'.##.#.##.#
##.#######.# ###.##.#)##.#
##.....(....# #.##.#.##.#
#.....####### #.......#.#


There were no monsters in sight!

Vanquished Creatures
  6 ancient liches
  4 orbs of fire
  Mara (Depths:1)
  A juggernaut (Depths:5)
  Frederick (Vaults:4)
  6 Killer Klowns
  Bai Suzhen (Spider:3)
  A caustic shrike (Depths:2)
  3 curse toes
  8 golden dragons
  2 bone dragons (Crypt:3)
  Nikola (Swamp:3)
  The ghost of Thomus the Executioner, an adept HOFi of Okawaru (Elf:3)
  An electric golem (Zot:3)
  Asterion (Depths:1)
  An Ice Fiend (D:8)
  6 liches
  18 tentacled monstrosities
  A Hell Sentinel (D:5)
  A deep elf blademaster (Elf:3)
  23 Orb Guardians (Zot:5)
  A moon troll (WizLab)
  4 deep elf master archers (Elf:3)
  2 titans (Vaults:5)
  14 quicksilver dragons
  13 ancient champions
  6 tentacled starspawn (WizLab)
  Gastronok (Lair:1)
  6 death cobs
  The ghost of Zietziax the Severer, an adept FoHu of Okawaru (Spider:1)
  3 thorn hunters (Swamp:2)
  6 sphinxes
  5 tengu reavers
  Donald (Spider:3)
  10 draconian monks
  10 shadow dragons
  Kirke (Swamp:1)
  10 storm dragons
  6 revenants
  8 deep elf sorcerers
  The ghost of Ficoysum the Archer, a journeyman GnWn of Zin (D:14)
  10 draconian knights
  21 vault wardens
  The ghost of xccam the Dancer, an adept OpAs of Uskayaw (Swamp:4)
  11 fire giants
  3 ghost moths
  11 emperor scorpions
  Aizul (Swamp:1)
  3 curse skulls
  13 frost giants
  A balrug (Depths:3)
  13 draconian scorchers
  2 caustic shrike zombies (Depths:2)
  6 deep elf elementalists
  A cacodemon (WizLab)
  A spriggan defender (Depths:1)
  10 ghouls
  3 draconian stormcallers
  3 draconian annihilators
  6 draconian shifters
  27 stone giants
  4 war gargoyles
  An entropy weaver (shapeshifter) (Depths:4)
  20 ironheart preservers
  38 very ugly things
  9 vampire knights
  5 entropy weavers
  11 black draconians
  7 deep elf demonologists
  12 green draconians
  2 small abominations (Vaults:5)
  9 white draconians
  A dire elephant (shapeshifter) (Depths:4)
  7 deep elf annihilators
  11 red draconians
  13 yellow draconians
  2 minotaurs (Elf:3)
  12 purple draconians
  9 spark wasps
  2 death oozes (Swamp:4)
  12 ettins
  12 crystal guardians
  2 merfolk impalers (Elf:3)
  5 deep elf death magi
  2 green deaths (Swamp:4)
  Snorg (D:14)
  5 eidola
  18 yaktaur captains
  7 fire dragons
  14 ogre magi
  A naga warrior (Elf:3)
  15 jiangshi
  2 quicksilver dragon skeletons (Crypt:3)
  15 deep elf high priests
  Harold (Lair:1)
  2 hell beasts
  33 vault guards
  19 hydras
  2 hydras (shapeshifter) (Depths:4)
  14 ice dragons
  14 great orbs of eyes
  4 rakshasas
  5 shambling mangroves
  4 spriggan air magi
  2 ghost crabs
  22 centaur warriors
  6 death knights
  11 deep troll shamans
  A two-headed ogre (shapeshifter) (Depths:4)
  20 alligators
  32 two-headed ogres
  2 hell hogs (Depths:5)
  5 tengu warriors
  7 vampire magi
  5 spriggan berserkers
  3 death yaks (D:8)
  30 dancing weapons
  An orc high priest (Elf:3)
  A shock serpent (shapeshifter) (Vaults:3)
  13 deep troll earth magi
  A shock serpent (Depths:4)
  A storm dragon zombie (Crypt:1)
  5 hell knights (Depths:3)
  A sun demon (D:1)
  A wretched star (WizLab)
  A sixfirhy (Depths:3)
  78 skeletal warriors
  2 soul eaters
  A titan skeleton (Crypt:3)
  18 deep elf knights
  A spark wasp zombie (Depths:2)
  2 shadow wraiths
  2 unseen horrors (D:13)
  57 deep trolls
  A sea snake (shapeshifter) (Vaults:3)
  9 wizards
  A cherub (D:8)
  13 glowing orange brains
  An iron troll (Depths:1)
  3 spriggan druids
  6 swamp dragons
  23 deep elf archers
  12 flayed ghosts
  8 starcursed masses (WizLab)
  2 swamp dragons (shapeshifter)
  3 obsidian statues (Depths:4)
  A harpy (shapeshifter) (D:14)
  9 phantasmal warriors
  17 ironbrand convokers
  3 harpies (Vaults:2)
  28 wolf spiders
  2 anaconda skeletons (Crypt:3)
  2 orange crystal statues
  13 orb spiders
  15 orc knights
  8 necromancers
  A tengu zombie (Depths:2)
  79 deep elf magi
  47 ugly things
  8 cyclopes
  2 orc sorcerers
  A wolf spider (shapeshifter) (Depths:4)
  3 fire giant skeletons (Crypt:3)
  A moth of wrath (shapeshifter) (Vaults:3)
  A manticore (D:15)
  A fire giant zombie (Vaults:1)
  A guardian serpent (D:10)
  33 moths of wrath
  2 centaur zombies
  6 black mambas
  A frost giant skeleton (Crypt:3)
  A guardian serpent (shapeshifter) (Depths:4)
  Joseph (Lair:1)
  20 vault sentinels
  A human skeleton (Vaults:1)
  A gargoyle (Depths:4)
  An orange demon (Zot:4)
  17 spiny frogs
  6 eyes of devastation (WizLab)
  A kobold demonologist (D:12)
  A torpor snail (Spider:3)
  3 molten gargoyles (Depths:4)
  A spiny frog (shapeshifter) (D:13)
  3 smoke demons
  8 centaur skeletons
  2 tormentors
  9 rime drakes
  10 demonic crawlers
  59 yaktaurs
  A golden dragon simulacrum (Crypt:1)
  A black draconian skeleton (Crypt:3)
  6 komodo dragons
  A spriggan zombie (Depths:2)
  3 ice devils
  15 freezing wraiths
  A purple draconian skeleton (Crypt:3)
  A rime drake (shapeshifter) (Depths:4)
  4 guardian mummies (Crypt:1)
  A yaktaur skeleton (Vaults:1)
  A komodo dragon (shapeshifter) (Vaults:4)
  3 tengu conjurers
  2 efreet
  A hellwing (Zot:4)
  14 trolls
  3 meliai (Spider:4)
  2 red devils
  A queen bee (shapeshifter) (Vaults:1)
  46 jumping spiders
  A merfolk (D:10)
  A sphinx simulacrum (Vaults:1)
  3 trolls (shapeshifter)
  6 polar bears
  2 hornets (shapeshifter)
  A wind drake (shapeshifter) (Depths:5)
  2 wind drakes (Depths:4)
  11 tyrant leeches
  32 hornets
  5 raiju (Depths:4)
  2 tyrant leeches (shapeshifter)
  13 bog bodies
  39 slime creatures
  2 hydra skeletons (Crypt:3)
  An ettin zombie (Crypt:1)
  8 dream sheep
  8 hippogriffs
  A frost giant simulacrum (Depths:2)
  A human simulacrum (Vaults:3)
  9 flying skulls (Crypt:3)
  A guardian serpent skeleton (Crypt:1)
  A centaur simulacrum (D:15)
  9 shadows
  2 fire dragon skeletons (Crypt:3)
  24 spriggans
  5 air elementals
  A redback (shapeshifter) (Vaults:2)
  65 redbacks
  An alligator skeleton (Crypt:2)
  8 wraiths
  16 tarantellas
  14 water elementals
  26 yaks
  6 large abominations
  2 tarantellas (shapeshifter)
  5 golden eyes (WizLab)
  A hog (shapeshifter) (Vaults:4)
  2 vampires (Vaults:2)
  12 vampire mosquitoes
  Grum (D:8)
  A basilisk (Lair:5)
  A tyrant leech zombie (Crypt:3)
  3 hungry ghosts
  2 neqoxecs
  6 steam dragons
  4 fire elementals
  A chaos spawn (Depths:3)
  An elf skeleton (Depths:2)
  18 insubstantial wisps
  17 swamp worms
  6 wargs
  An acid dragon (Lair:3)
  9 hell hounds
  A soldier ant (D:12)
  9 porcupines
  A floating eye (Depths:2)
  Duvessa (D:4)
  3 ogre skeletons
  12 water moccasins
  A human zombie (Vaults:1)
  5 sky beasts
  2 hornet zombies
  4 ice beasts
  2 infernal demonspawn skeletons
  12 swamp drakes
  An eye of draining (D:12)
  4 phantoms
  A spriggan simulacrum (Depths:2)
  3 black bears
  An ettin simulacrum (Depths:2)
  21 orc warriors
  A fire dragon simulacrum (Crypt:1)
  3 necrophages
  51 ogres
  13 boggarts
  An ogre (shapeshifter) (Vaults:5)
  29 wolves
  23 centaurs
  A blink frog skeleton (Crypt:3)
  A snapping turtle skeleton (Crypt:3)
  A tengu (shapeshifter) (Depths:4)
  A swamp dragon skeleton (Crypt:1)
  5 crocodiles
  5 big kobolds (D:8)
  An octopode zombie (Crypt:2)
  An elf zombie (Crypt:2)
  2 yaktaur zombies (Vaults:1)
  A cyclops zombie (Crypt:2)
  17 bullfrogs
  A hippogriff skeleton (Crypt:3)
  18 earth elementals
  Dowan (D:4)
  6 scorpions
  A hornet simulacrum (Vaults:1)
  A yak zombie (Crypt:1)
  13 wights
  5 killer bees (D:11)
  A troll skeleton (Crypt:3)
  5 electric eels
  13 howler monkeys
  5 crimson imps
  2 quasits
  3 bullfrog zombies
  12 orc priests
  A hound (shapeshifter) (Depths:1)
  6 jellies
  A black bear zombie (Crypt:2)
  3 bullfrog skeletons
  4 hounds
  2 iron imps
  Ijyb (D:4)
  32 orc wizards
  2 iguanas
  9 worker ants
  3 hell rats
  A crocodile zombie (Crypt:2)
  An ogre zombie (Crypt:3)
  A tengu skeleton (Crypt:3)
  A hound zombie (D:8)
  2 hound skeletons
  2 mummies (Crypt:1)
  6 worker ant zombies
  4 gnolls (D:6)
  A howler monkey skeleton (D:5)
  19 adders
  2 shadow imps
  2 white imps (Depths:3)
  3 ufetubi (Depths:3)
  5 oozes (D:8)
  A halfling zombie (Crypt:2)
  An adder skeleton (D:5)
  2 worms
  5 ball lightnings (Depths:4)
  7 dart slugs
  12 leopard geckos
  90 orcs
  4 bats
  A bat zombie (D:9)
  7 giant cockroaches
  7 goblins
  4 hobgoblins
  5 quokkas
  A ball python (D:4)
  A dart slug zombie (Crypt:3)
  5 frilled lizards
  A giant cockroach zombie (Crypt:1)
  A jackal skeleton (D:4)
  14 kobolds
  A kobold skeleton (Crypt:2)
  A leopard gecko zombie (Crypt:3)
  An orc zombie (Crypt:1)
  A quokka skeleton (D:4)
  A quokka zombie (Crypt:2)
  5 rats
  A rat zombie (D:9)
  3 crawling corpses (Vaults:5)
  2 fire vortices (Depths:1)
  A fungus (Lair:1)
  A plant (Lair:3)
  12 starspawn tentacles (WizLab)
2740 creatures vanquished.

Vanquished Creatures (collateral kills)
  An ancient lich (Zot:5)
  An Orb Guardian (Zot:5)
  An orc warlord (Orc:1)
  A black draconian (Zot:5)
  A warg (Orc:1)
  An orc warrior (Orc:1)
  An orc wizard (Orc:1)
  An orc (Orc:1)
8 creatures vanquished.

Vanquished Creatures (others)
  An ironheart preserver (Vaults:4)
  An ogre mage (Depths:1)
  A dancing weapon (Depths:4)
  A deep elf knight (Elf:2)
  A deep elf archer (Vaults:2)
  A moth of wrath (Zot:5)
  A slime creature (Vaults:1)
  2 raiju (Depths:4)
  A vampire (Vaults:2)
  3 humans (Swamp:2)
  A swamp worm (Swamp:2)
  3 orc warriors (Orc:1)
  An ogre (Depths:1)
  A centaur (Depths:1)
  An orc wizard (Orc:1)
  4 ball lightnings (Depths:4)
  An orc (Vaults:4)
  A demonic plant (WizLab)
  13 fungi
  17 plants
  10 starspawn tentacles (WizLab)
  6 toadstools (D:8)
72 creatures vanquished.

Grand Total: 2820 creatures vanquished

Notes
Turn   | Place    | Note
-------+----------+-------------------------------------------
     0 | D:1      | AlexTheUnready the Halfling Hunter began the quest for the
                  | Orb.
     0 | D:1      | Reached XP level 1. HP: 14/14 MP: 1/1
   198 | D:1      | Reached XP level 2. HP: 17/19 MP: 2/2
  1173 | D:2      | Reached XP level 3. HP: 23/24 MP: 3/3
  1212 | D:2      | Noticed a scorpion
  1221 | D:2      | Killed a scorpion
  1221 | D:2      | Reached skill level 1 in Armour
  1221 | D:2      | Reached XP level 4. HP: 27/29 MP: 4/4
  1738 | D:2      | Reached XP level 5. HP: 30/34 MP: 5/5
  2012 | D:2      | Found a stormy altar of Qazlal.
  2408 | D:3      | Found a shattered altar of Ashenzari.
  3081 | D:4      | Noticed an ogre
  3498 | D:4      | Reached XP level 6. HP: 40/40 MP: 6/6
  3910 | D:4      | Noticed Ijyb
  3925 | D:4      | Killed Ijyb
  3996 | D:4      | Reached XP level 7. HP: 42/45 MP: 7/7
  4155 | D:4      | Noticed Duvessa
  4156 | D:4      | Noticed Dowan
  4254 | D:4      | Killed Duvessa
  4254 | D:4      | Reached skill level 10 in Slings
  4896 | D:4      | Killed Dowan
  4949 | D:5      | Entered Level 5 of the Dungeon
  5001 | D:5      | Reached XP level 8. HP: 23/54 MP: 8/8
  5886 | D:5      | Found a shimmering altar of Xom.
  5886 | D:5      | Found a shimmering blue altar of Sif Muna.
  6168 | D:6      | Reached skill level 5 in Fighting
  6322 | D:6      | Found a blossoming altar of Fedhas.
  6420 | D:6      | Reached skill level 5 in Armour
  6420 | D:6      | Reached XP level 9. HP: 58/61 MP: 9/9
  6504 | D:6      | Reached skill level 1 in Short Blades
  7168 | D:6      | Found a staircase to the Ecumenical Temple.
  7176 | Temple   | Entered the Ecumenical Temple
  7210 | Temple   | Became a worshipper of Warmaster Okawaru
  8193 | D:7      | Reached * piety under Okawaru
  8601 | D:8      | Noticed a death yak
  8745 | D:8      | Noticed a death yak
  8746 | D:8      | Found a staircase to the Lair.
  8746 | D:8      | Noticed a death yak
  8799 | D:8      | Reached XP level 10. HP: 69/69 MP: 10/10
  9244 | D:8      | Found Gullag's Distillery.
  9258 | D:8      | Bought a potion of lignification for 30 gold pieces
  9258 | D:8      | Bought a potion of berserk rage for 50 gold pieces
  9258 | D:8      | Bought a potion of magic for 80 gold pieces
  9258 | D:8      | Bought a potion of might for 40 gold pieces
  9258 | D:8      | Bought a potion of heal wounds for 50 gold pieces
  9258 | D:8      | Bought a potion of stabbing for 40 gold pieces
  9283 | D:8      | Found a shadowy altar of Dithmenos.
  9345 | D:8      | Reached ** piety under Okawaru
  9386 | D:8      | Noticed Grum
  9405 | D:8      | Killed Grum
 10175 | D:8      | Reached *** piety under Okawaru
 10323 | Lair:1   | Entered Level 1 of the Lair of Beasts
 10363 | Lair:1   | Noticed Harold
 10397 | Lair:1   | Killed Harold
 10397 | Lair:1   | Reached XP level 11. HP: 80/80 MP: 8/11
 11144 | Lair:1   | Reached skill level 1 in Invocations
 11315 | Lair:1   | Noticed Gastronok
 11364 | Lair:1   | Killed Gastronok
 11364 | Lair:1   | Reached **** piety under Okawaru
 11364 | Lair:1   | Reached skill level 10 in Fighting
 11364 | Lair:1   | Reached skill level 10 in Armour
 11535 | Lair:1   | Received a gift from Okawaru
 12231 | Lair:1   | Noticed Joseph
 12243 | Lair:1   | Killed Joseph
 12484 | Lair:1   | Received a gift from Okawaru
 12586 | Lair:2   | Noticed an eight-headed hydra
 12757 | Lair:1   | Killed an eight-headed hydra
 13235 | Lair:2   | Reached XP level 12. HP: 55/89 MP: 8/13
 13862 | Lair:2   | Found a hole to the Spider Nest.
 13994 | Lair:2   | Noticed an eight-headed hydra
 14280 | Lair:2   | Killed an eight-headed hydra
 14287 | Lair:2   | Received a gift from Okawaru
 15234 | Lair:3   | Received a gift from Okawaru
 15246 | Lair:3   | Reached skill level 1 in Shields
 15249 | Lair:3   | Reached ***** piety under Okawaru
 15418 | Lair:3   | You fall into a shaft and drop 2 floors!
 15872 | Lair:4   | Found a snail-covered altar of Cheibriados.
 15893 | Lair:4   | Received a gift from Okawaru
 16160 | Lair:3   | Received a gift from Okawaru
 17349 | Lair:3   | Reached XP level 13. HP: 76/96 MP: 8/14
 19009 | Lair:3   | Noticed a four-headed hydra
 19009 | Lair:3   | Noticed an eight-headed hydra
 19034 | Lair:3   | Killed a four-headed hydra
 19034 | Lair:3   | Received a gift from Okawaru
 19040 | Lair:3   | Killed an eight-headed hydra
 19123 | Lair:3   | Found a staircase to the Swamp.
 19224 | Lair:3   | Noticed a five-headed hydra
 19231 | Lair:3   | Killed a five-headed hydra
 19231 | Lair:3   | Reached skill level 1 in Evocations
 19818 | Lair:4   | Reached skill level 5 in Shields
 21326 | Lair:5   | Found a staircase to the Slime Pits.
 22478 | Lair:6   | Entered Level 6 of the Lair of Beasts
 22618 | Lair:6   | Received a gift from Okawaru
 22679 | Lair:6   | Paralysed by a hornet for 1 turns
 23237 | Lair:6   | Received a gift from Okawaru
 24155 | Lair:6   | Reached skill level 5 in Dodging
 24163 | Lair:6   | Received a gift from Okawaru
 24182 | Lair:6   | Reached XP level 14. HP: 104/104 MP: 16/16
 24405 | Lair:6   | Received a gift from Okawaru
 25170 | D:9      | Found a blossoming altar of Fedhas.
 25389 | D:9      | Found a staircase to the Orcish Mines.
 25536 | D:9      | Found a basalt altar of Yredelemnul.
 25536 | D:9      | Found a radiant altar of Vehumet.
 25611 | D:9      | Found Pudeh's Jewellery Shop.
 26046 | D:9      | Found an ancient bone altar of Kikubaaqudgha.
 26333 | D:9      | Found a faded altar of an unknown god.
 26335 | D:9      | Found a white marble altar of Elyvilon.
 26336 | D:9      | Found an opulent altar of Gozag.
 26365 | D:10     | Entered Level 10 of the Dungeon
 27915 | D:11     | Found a portal to a secret trove of treasure.
 28683 | Orc:1    | Entered Level 1 of the Orcish Mines
 28694 | Orc:1    | Noticed an orc warlord
 28913 | D:9      | Reached skill level 15 in Armour
 29234 | Orc:1    | Killed an orc warlord
 29239 | Orc:1    | Noticed a stone giant
 29540 | Orc:1    | Killed a stone giant
 29540 | Orc:1    | Received a gift from Okawaru
 29677 | Orc:1    | Found Ysouc's Antique Armour Emporium.
 29813 | Orc:2    | Entered Level 2 of the Orcish Mines
 29885 | Orc:2    | Reached skill level 2 in Evocations
 30132 | Orc:2    | Found a roughly hewn altar of Beogh.
 30248 | Orc:2    | Reached skill level 15 in Slings
 30574 | Orc:2    | Reached XP level 15. HP: 111/111 MP: 17/17
 30593 | Orc:2    | Found Xaqefox's Gadget Shoppe.
 30639 | Orc:2    | Received a gift from Okawaru
 30650 | Orc:2    | Reached ****** piety under Okawaru
 30707 | Orc:2    | Found Baockeri's Book Shop.
 30760 | Orc:2    | Found Toafoif's Antique Weapon Emporium.
 31169 | Orc:2    | Found Qoisch's Weapon Emporium.
 31247 | Orc:2    | Found a roughly hewn altar of Beogh.
 31280 | Orc:2    | Found a staircase to the Elven Halls.
 31576 | D:9      | Bought the ring "Seteop" {rElec rCorr Str+3} for 564 gold
                  | pieces
 31796 | Swamp:1  | Entered Level 1 of the Swamp
 32876 | Swamp:1  | Noticed Aizul
 33949 | Swamp:1  | Killed Aizul
 34702 | Swamp:1  | Paralysed by a hornet for 2 turns
 35324 | Swamp:2  | Noticed a thorn hunter
 35347 | Swamp:2  | Killed a thorn hunter
 35347 | Swamp:2  | Received a gift from Okawaru
 35950 | Swamp:2  | Noticed Kirke
 36294 | Swamp:2  | Noticed a thorn hunter
 36304 | Swamp:1  | Killed Kirke
 36304 | Swamp:1  | Received a gift from Okawaru
 36478 | Swamp:2  | Killed a thorn hunter
 36478 | Swamp:2  | Reached XP level 16. HP: 113/120 MP: 14/18
 36852 | Swamp:2  | Received a gift from Okawaru
 36856 | Swamp:2  | Got a crude crystal plate armour {god gift}
 36988 | Swamp:2  | Noticed a thorn hunter
 36995 | Swamp:2  | Killed a thorn hunter
 37087 | Swamp:2  | Reached skill level 15 in Fighting
 37151 | Swamp:1  | Identified the +7 crystal plate armour of Saukecut {Regen+
                  | rCorr Int+4} (Okawaru gifted it to you on level 2 of the
                  | Swamp)
 38293 | Swamp:2  | Reached skill level 3 in Evocations
 38704 | Swamp:3  | Found a glowing silver altar of Zin.
 38716 | Swamp:3  | Noticed Nikola
 38737 | Swamp:3  | Killed Nikola
 39903 | Spider:1 | Entered Level 1 of the Spider Nest
 39920 | Lair:2   | Received a gift from Okawaru
 40659 | Spider:1 | Reached skill level 5 in Invocations
 40682 | Spider:1 | Received a gift from Okawaru
 40692 | Spider:1 | Got a distressingly furry chain mail {god gift}
 40765 | Spider:1 | Reached XP level 17. HP: 125/129 MP: 20/20
 41648 | Spider:1 | Found a runed translucent gate.
 41648 | Spider:1 | Found a runed translucent gate.
 41648 | Spider:1 | Found a runed translucent gate.
 41648 | Spider:1 | Noticed Zietziax's ghost (adept FoHu)
 41754 | Spider:1 | Identified the +5 chain mail of Okawaru's Fury {rElec rC+}
                  | (Okawaru gifted it to you on level 1 of the Spider Nest)
 43177 | Spider:3 | Noticed Bai Suzhen
 43203 | Spider:3 | Killed Bai Suzhen
 44381 | Spider:3 | Noticed Donald
 44389 | Spider:3 | Killed Donald
 44389 | Spider:3 | Received a gift from Okawaru
 44798 | Spider:3 | Received a gift from Okawaru
 46466 | D:12     | Reached XP level 18. HP: 137/137 MP: 22/22
 46468 | D:12     | Identified a scroll of acquirement
 46469 | D:12     | Acquired 630 gold pieces
 46672 | D:12     | Reached skill level 10 in Shields
 48167 | D:14     | Found a gate to the Vaults.
 48273 | D:14     | Received a gift from Okawaru
 48318 | D:14     | Found a transporter.
 48322 | D:14     | Found a transporter.
 48324 | D:14     | Found a bloodstained altar of Trog.
 48324 | D:14     | Noticed Ficoysum's ghost (journeyman GnWn)
 48326 | D:14     | Identified the +2 scimitar of the Screaming Shark {distort,
                  | MR+ Stlth+}
 48360 | D:14     | Found a runed translucent door.
 48973 | D:14     | Noticed Snorg
 48982 | D:14     | Killed Snorg
 49138 | D:15     | Entered Level 15 of the Dungeon
 49180 | D:15     | Received a gift from Okawaru
 49445 | D:15     | Found a staircase to the Depths.
 49488 | D:15     | Found a bloodstained altar of Trog.
 50746 | Elf:1    | Entered Level 1 of the Elven Halls
 52115 | Elf:2    | Found a runed translucent gate.
 52117 | Elf:2    | Found a runed translucent gate.
 52118 | Elf:2    | Found a runed translucent gate.
 52155 | Elf:2    | Received a gift from Okawaru
 52384 | Elf:2    | Received a gift from Okawaru
 52449 | Elf:2    | Reached XP level 19. HP: 145/145 MP: 23/23
 52608 | Elf:2    | Found Vyqousyu's Weapon Emporium.
 53799 | Swamp:4  | Entered Level 4 of the Swamp
 54243 | Swamp:4  | Received a gift from Okawaru
 54751 | Swamp:4  | Got a decaying rune of Zot
 54877 | Swamp:4  | Received a gift from Okawaru
 54975 | Swamp:4  | Found a runed translucent gate.
 54975 | Swamp:4  | Noticed a tentacled monstrosity
 54976 | Swamp:4  | Found a runed translucent gate.
 54977 | Swamp:4  | Found a runed translucent gate.
 54979 | Swamp:4  | Noticed xccam's ghost (adept OpAs)
 56018 | Vaults:1 | Entered Level 1 of the Vaults
 56031 | Vaults:1 | Found Datytt's Distillery.
 56068 | Vaults:1 | Bought a potion of heal wounds for 60 gold pieces
 56068 | Vaults:1 | Bought a potion of might for 48 gold pieces
 56068 | Vaults:1 | Bought a potion of heal wounds for 60 gold pieces
 56128 | Vaults:1 | Reached XP level 20. HP: 151/154 MP: 22/24
 56358 | Vaults:1 | Received a gift from Okawaru
 56366 | Vaults:1 | Got a pair of warped boots {god gift}
 56466 | Vaults:1 | Identified the +1 pair of boots of the Last Blessings
                  | {*Contam +Blink Int+4} (Okawaru gifted it to you on level 1
                  | of the Vaults)
 58543 | Vaults:2 | Paralysed by a great orb of eyes for 4 turns
 58722 | Vaults:2 | Found a magical portal.
 58731 | WizLab   | Entered Lehudib's Moon Base
 58822 | WizLab   | Paralysed by a great orb of eyes for 5 turns
 58890 | WizLab   | Received a gift from Okawaru
 59336 | WizLab   | Received a gift from Okawaru
 59740 | WizLab   | Reached XP level 21. HP: 71/162 MP: 10/25
 59920 | WizLab   | Gained mutation: You are clumsy. (Dex -2) [a neqoxec]
 60378 | WizLab   | Found a transporter.
 60525 | WizLab   | Found a transporter.
 60733 | WizLab   | Identified Lehudib's Disquisition on Harmful Clay
 60771 | WizLab   | Got a brightly glowing scale mail
 60835 | WizLab   | Identified the +1 scale mail of a Gauntlet {Harm rElec
                  | MR+++ Str-4} (You found it in a wizard's laboratory)
 61645 | Spider:4 | Entered Level 4 of the Spider Nest
 61847 | Spider:4 | Received a gift from Okawaru
 62436 | Spider:4 | Received a gift from Okawaru
 62452 | Spider:4 | Got a fine hunting sling {god gift}
 62453 | Spider:4 | Identified the +11 hunting sling of the Whale {venom, Str+3
                  | Dex+2} (Okawaru gifted it to you on level 4 of the Spider
                  | Nest)
 63635 | Spider:4 | Got a gossamer rune of Zot
 64430 | Vaults:2 | Reached XP level 22. HP: 95/172 MP: 15/27
 64631 | Vaults:2 | Received a gift from Okawaru
 65172 | Vaults:2 | Received a gift from Okawaru
 65287 | Vaults:2 | Reached skill level 15 in Shields
 65863 | Vaults:2 | Found a staircase to the Crypt.
 68324 | Vaults:3 | Got a fine hunting sling
 68325 | Vaults:3 | Identified the +3 hunting sling "Vudd" {vorpal, rElec
                  | Stlth+} (You found it on level 3 of the Vaults)
 68376 | Vaults:3 | Identified the +8 flail of Propriety {drain, Fragile MP+9
                  | Str+3}
 69009 | Vaults:3 | Received a gift from Okawaru
 69465 | Vaults:3 | Found Ania's Assorted Antiques.
 69472 | Vaults:3 | Bought a scroll of fear for 112 gold pieces
 69472 | Vaults:3 | Bought a scroll of acquirement for 1664 gold pieces
 69611 | Vaults:4 | Found Eqajez's Assorted Antiques.
 69976 | Vaults:3 | Reached XP level 23. HP: 144/180 MP: 28/28
 70504 | Vaults:4 | Received a gift from Okawaru
 70883 | Vaults:4 | Noticed Frederick
 70894 | Vaults:4 | Killed Frederick
 70894 | Vaults:4 | Received a gift from Okawaru
 70906 | Vaults:4 | Received a gift from Okawaru
 71247 | Vaults:4 | Bought a scroll of blinking for 195 gold pieces
 71920 | Crypt:1  | Entered Level 1 of the Crypt
 72458 | Crypt:1  | Received a gift from Okawaru
 72955 | Vaults:2 | Received a gift from Okawaru
 73022 | Vaults:2 | Reached XP level 24. HP: 92/187 MP: 28/28
 74869 | Crypt:1  | Received a gift from Okawaru
 75191 | Crypt:1  | Reached skill level 4 in Evocations
 77968 | Depths:1 | Entered Level 1 of the Depths
 78192 | Depths:1 | Received a gift from Okawaru
 78456 | Depths:1 | Received a gift from Okawaru
 78474 | Depths:1 | Identified a +0 pair of boots of running (You found it on
                  | level 2 of the Crypt)
 78573 | Depths:1 | Received a gift from Okawaru
 78806 | Depths:1 | Received a gift from Okawaru
 78997 | Depths:1 | Found Duhiqi's Magic Scroll Shop.
 79038 | Depths:1 | Bought a scroll of teleportation for 51 gold pieces
 79038 | Depths:1 | Bought a scroll of teleportation for 51 gold pieces
 79038 | Depths:1 | Bought a scroll of teleportation for 51 gold pieces
 79038 | Depths:1 | Bought a scroll of fear for 59 gold pieces
 79187 | Depths:1 | Noticed Mara
 79188 | Depths:1 | Noticed AlexTheUnready's illusion
 79379 | Depths:1 | Killed Mara
 79379 | Depths:1 | Received a gift from Okawaru
 79380 | Depths:1 | Got a steaming buckler {god gift}
 79391 | Depths:1 | Identified the -1 buckler "Ediezxemm" {Harm Int+4 Slay+4}
                  | (Okawaru gifted it to you on level 1 of the Depths)
 79490 | Depths:1 | Found a corrupted altar of Lugonu.
 79494 | Depths:1 | Found a one-way gate to the infinite horrors of the Abyss.
 79581 | Depths:1 | Reached XP level 25. HP: 187/192 MP: 28/28
 79607 | Depths:1 | Identified the cursed +1 robe of the Lich-sworn {+Blink MR+
                  | MP+9}
 79622 | Depths:1 | Noticed Asterion
 79654 | Depths:1 | Killed Asterion
 79654 | Depths:1 | Reached skill level 5 in Evocations
 79776 | Depths:1 | Reached skill level 6 in Evocations
 79822 | Depths:1 | Found a radiant altar of Vehumet.
 80172 | Depths:1 | Found a gateway to Hell.
 80967 | Depths:2 | Identified the ring of Qyerryba {rElec MR+}
 80970 | Depths:2 | Noticed a caustic shrike
 81386 | Depths:2 | Received a gift from Okawaru
 81523 | Depths:2 | Found a gateway to a ziggurat.
 82332 | Depths:2 | Received a gift from Okawaru
 83176 | Depths:3 | Received a gift from Okawaru
 83875 | Depths:3 | Reached XP level 26. HP: 191/200 MP: 26/28
 83898 | Depths:3 | Found a one-way gate leading to the halls of Pandemonium.
 84358 | Depths:3 | Noticed a juggernaut
 84359 | Depths:3 | Noticed a juggernaut
 84379 | Depths:3 | Received a gift from Okawaru
 84413 | Depths:3 | Noticed a juggernaut
 85698 | Depths:4 | Received a gift from Okawaru
 85804 | Depths:4 | Received a gift from Okawaru
 86386 | Depths:4 | Received a gift from Okawaru
 86812 | Depths:4 | Received a gift from Okawaru
 86840 | Depths:4 | Found the +7 Singing Sword {vorpal, sonic wave}
 86851 | Depths:4 | Got a smoking hunting sling
 86854 | Depths:4 | Identified the cursed +1 hunting sling "Sofekh" {flame,
                  | Str+4 Int-4 Stlth+} (You found it on level 4 of the Depths)
 87636 | Depths:2 | Received a gift from Okawaru
 87724 | Depths:2 | Identified Sexobbei's Papyrus of Lethal Weightlessness
 87804 | Depths:5 | Entered Level 5 of the Depths
 87951 | Depths:4 | Reached skill level 7 in Evocations
 87960 | Depths:4 | Paralysed by a sphinx for 2 turns
 88213 | Depths:5 | Received a gift from Okawaru
 88296 | Depths:5 | Reached skill level 8 in Evocations
 88357 | Depths:5 | Found Kutab's Jewellery Boutique.
 88393 | Depths:5 | Received a gift from Okawaru
 88404 | Depths:5 | Noticed a juggernaut
 88415 | Depths:5 | Killed a juggernaut
 88415 | Depths:5 | Reached skill level 9 in Evocations
 88525 | Depths:5 | Received a gift from Okawaru
 88529 | Depths:5 | Got an ichor-stained hunting sling {god gift}
 88530 | Depths:5 | Identified the +11 hunting sling "Ripracs" {freeze, rElec
                  | Int+3} (Okawaru gifted it to you on level 5 of the Depths)
 88551 | Depths:5 | Reached XP level 27. HP: 207/207 MP: 30/30
 88647 | Depths:5 | Reached skill level 10 in Evocations
 89076 | Depths:5 | Reached skill level 11 in Evocations
 89114 | Depths:5 | Found a gate to the Realm of Zot.
 89730 | Depths:5 | Reached skill level 12 in Evocations
 90216 | Crypt:3  | Entered Level 3 of the Crypt
 90589 | Crypt:3  | Received a gift from Okawaru
 90640 | Crypt:3  | Reached skill level 13 in Evocations
 91211 | Crypt:3  | Reached skill level 14 in Evocations
 91343 | Crypt:3  | Found a staircase to the Tomb.
 91638 | Crypt:3  | Found an ancient bone altar of Kikubaaqudgha.
 91872 | Crypt:3  | Noticed an ancient lich
 91909 | Crypt:3  | Killed an ancient lich
 91917 | Crypt:3  | Received a gift from Okawaru
 91917 | Crypt:3  | Reached skill level 15 in Evocations
 91930 | Crypt:3  | Got a crystal hunting sling {god gift}
 91931 | Crypt:3  | Identified the +9 hunting sling of Eplustol {venom, rN+
                  | Str+4 Dex+4 Stlth+} (Okawaru gifted it to you on level 3 of
                  | the Crypt)
 92991 | Orc:1    | Bought spiked storm dragon scales for 2890 gold pieces
 93001 | Orc:1    | Identified the +1 storm dragon scales of the Zebra {rElec
                  | rPois Regen+ Int+4} (You bought it in a shop on level 1 of
                  | the Orcish Mines)
 93664 | Vaults:3 | Got a smoking short sword
 93665 | Vaults:3 | Identified the +9 short sword of the Shore {drain, rF+
                  | Dex+4} (You found it on level 3 of the Vaults)
 94054 | Elf:3    | Entered Level 3 of the Elven Halls
 94168 | Elf:3    | Reached skill level 16 in Evocations
 94228 | Elf:3    | Found Nyhexosm's Weapon Emporium.
 94364 | Elf:3    | Received a gift from Okawaru
 94736 | Elf:3    | Found a runed translucent gate.
 94736 | Elf:3    | Noticed Thomus's ghost (adept HOFi)
 94737 | Elf:3    | Found a runed translucent gate.
 94737 | Elf:3    | Found a runed translucent gate.
 94739 | Elf:3    | Found an iron altar of Okawaru.
 94784 | Elf:3    | Found Sigh's Gadget Shoppe.
 95032 | Elf:3    | Reached skill level 17 in Evocations
 95143 | Elf:3    | Identified the +2 chain mail "Jengimio" {rCorr Dex-3 Slay-4
                  | Stlth+}
 95150 | Elf:3    | Identified the +3 flail of Wrongful Imprisonment {freeze,
                  | +Inv Int+2 Dex+2}
 95224 | Elf:3    | Received a gift from Okawaru
 95315 | Elf:3    | Identified the +5 battleaxe of a Million Suns {flame,
                  | *Noise +Inv Str+2}
 95361 | Elf:3    | Got an ichor-stained fustibalus {god gift}
 95416 | Elf:3    | Identified the +4 fustibalus of Rotation {freeze, MP+9}
                  | (Okawaru gifted it to you on level 3 of the Elven Halls)
 95449 | Elf:3    | Reached skill level 18 in Evocations
 96214 | Vaults:5 | Entered Level 5 of the Vaults
 96246 | Vaults:5 | Received a gift from Okawaru
 96305 | Vaults:5 | Reached skill level 10 in Invocations
 96317 | Vaults:5 | Received a gift from Okawaru
 96351 | Vaults:5 | Received a gift from Okawaru
 96452 | Vaults:5 | Received a gift from Okawaru
 96634 | Vaults:5 | Identified the ring of Duikuo {+Inv +Fly rPois Str+6}
 96680 | Vaults:5 | Received a gift from Okawaru
 96691 | Vaults:5 | Reached skill level 19 in Evocations
 96972 | Vaults:5 | Identified the ring of the Tempest {rElec rCorr Dex-2 SInv
                  | Stlth+}
 97019 | Vaults:5 | Identified the +1 robe of Impermeability {*Corrode rN++
                  | Dex+2}
 97021 | Vaults:5 | Identified the cursed +1 mace of Cheese {freeze, MR- Str+8
                  | SInv Stlth-}
 97095 | Vaults:5 | Received a gift from Okawaru
 97131 | Vaults:5 | Got a warped kite shield {god gift}
 97142 | Vaults:5 | Identified the +3 kite shield of Disappointment {Harm rC+
                  | Dex+7} (Okawaru gifted it to you on level 5 of the Vaults)
 97212 | Vaults:5 | Identified the ring "Nehoar" {AC+4 Str+4 SInv}
 98431 | Vaults:5 | Noticed an ancient lich
 98437 | Vaults:5 | Identified the +6 flail of Amorality {drain, +Rage}
 98584 | Vaults:4 | Killed an ancient lich
 98931 | Vaults:5 | Noticed an ancient lich
 99007 | Vaults:5 | Noticed an ancient lich
 99016 | Vaults:4 | Reached skill level 20 in Evocations
 99053 | Vaults:4 | Killed an ancient lich
 99053 | Vaults:4 | Received a gift from Okawaru
 99056 | Vaults:4 | Got a fine plate armour {god gift}
 99328 | Vaults:4 | Killed an ancient lich
 99900 | Vaults:5 | Identified the Compendium of Moulding
 99934 | Vaults:5 | Identified the Guide on Stolen Souls and Boosts
 99952 | Vaults:5 | Reached skill level 15 in Invocations
100000 | Vaults:5 | Identified the Grimoire of the Birds and the Rocks
100369 | Vaults:5 | Got a silver rune of Zot
100383 | Vaults:5 | Identified the Catalogue of Warped Stolen Souls
100642 | Vaults:5 | Identified the +4 plate armour of the Falcon {*Contam
                  | Int+5} (Okawaru gifted it to you on level 4 of the Vaults)
101028 | Lair:1   | Acquired the ring "Yneugh" {rPois rF++ rN+}
101488 | D:14     | Killed Ficoysum's ghost
101519 | D:14     | Got a faintly glowing garnet amulet
101527 | D:14     | Identified the amulet of Xyoduf {RegenMP Str+6 Int-2 Dex+2}
                  | (You found it on level 14 of the Dungeon)
102009 | Swamp:4  | Killed xccam's ghost
102288 | Spider:1 | Killed Zietziax's ghost
102627 | Elf:3    | Reached skill level 21 in Evocations
102649 | Elf:3    | Killed Thomus's ghost
102649 | Elf:3    | Received a gift from Okawaru
103462 | Zot:1    | Entered Level 1 of the Realm of Zot
103511 | Zot:1    | Received a gift from Okawaru
103798 | Zot:1    | Received a gift from Okawaru
103945 | Zot:1    | Identified the Almanac of Captivating Flight
104226 | Depths:5 | Reached skill level 22 in Evocations
104637 | Zot:1    | Received a gift from Okawaru
104641 | Zot:1    | Got an ivory fustibalus {god gift}
104657 | Zot:1    | Identified the +8 fustibalus of Dismemberment {flame,
                  | Dex+2} (Okawaru gifted it to you on level 1 of the Realm of
                  | Zot)
105556 | Zot:2    | Noticed a Killer Klown
105577 | Zot:2    | Received a gift from Okawaru
105596 | Zot:2    | Killed a Killer Klown
105601 | Zot:2    | Got a shimmering buckler {god gift}
105602 | Zot:2    | Identified the +0 buckler of Jaxuolet {Int+4} (Okawaru
                  | gifted it to you on level 2 of the Realm of Zot)
105979 | Zot:2    | Noticed an orb of fire
106085 | Zot:2    | Found Turulec's Changing Room.
106347 | Zot:2    | Gained mutation: Armour fits poorly on your strangely
                  | shaped body. [an orb of fire]
106372 | Zot:2    | Killed an orb of fire
106902 | Zot:3    | Got a masterwork hand axe
106903 | Zot:3    | Identified the +9 hand axe "Momawko" {vorpal, rElec rC+}
                  | (You found it on level 3 of the Realm of Zot)
107079 | Zot:3    | Reached skill level 23 in Evocations
107196 | Zot:3    | Received a gift from Okawaru
107504 | Zot:3    | Noticed a Killer Klown
107513 | Zot:3    | Killed a Killer Klown
107556 | Zot:3    | Received a gift from Okawaru
108396 | Zot:4    | Received a gift from Okawaru
108431 | Zot:4    | Found a transporter.
108436 | Zot:4    | Found a transporter.
108571 | Zot:4    | Received a gift from Okawaru
110023 | Lair:1   | Lost mutation: You are clumsy. (Dex -2) [potion of
                  | mutation]
110023 | Lair:1   | Lost mutation: Armour fits poorly on your strangely shaped
                  | body. [potion of mutation]
110483 | Zot:5    | Entered Level 5 of the Realm of Zot
110528 | Zot:5    | Reached skill level 24 in Evocations
110985 | Zot:5    | Received a gift from Okawaru
110991 | Zot:5    | Got a scorched crystal plate armour {god gift}
111001 | Zot:4    | Identified the +1 crystal plate armour of Prudence {*Slow
                  | rC+++ MP+9 Stlth+} (Okawaru gifted it to you on level 5 of
                  | the Realm of Zot)
111245 | Zot:5    | Noticed an ancient lich
111313 | Zot:5    | Noticed an ancient lich
111354 | Zot:5    | Noticed an ancient lich
111354 | Zot:5    | Noticed an orb of fire
111357 | Zot:5    | Noticed a Killer Klown
111363 | Zot:5    | Killed an ancient lich
111364 | Zot:5    | Noticed an ancient lich
111364 | Zot:5    | Noticed an orb of fire
111364 | Zot:5    | Noticed a Killer Klown
111364 | Zot:5    | Noticed a Killer Klown
111364 | Zot:5    | Noticed a Killer Klown
111364 | Zot:5    | Noticed an orb of fire
111372 | Zot:5    | Killed a Killer Klown
111384 | Zot:5    | HP: 9/207 [ancient lich/bolt of fire (28)]
111386 | Zot:5    | Killed an ancient lich
111846 | Zot:5    | Killed an orb of fire
111928 | Zot:5    | Killed a Killer Klown
111980 | Zot:5    | Received a gift from Okawaru
111988 | Zot:5    | Got a pair of translucent boots {god gift}
112114 | Zot:5    | Gained mutation: You are clumsy. (Dex -2) [an orb of fire]
112115 | Zot:5    | Killed an orb of fire
112141 | Zot:5    | Killed a Killer Klown
112451 | Zot:5    | Reached skill level 25 in Evocations
112519 | Zot:5    | Gained mutation: Scrolls take you a little longer to read.
                  | [an orb of fire]
112571 | Zot:5    | Killed an orb of fire
113003 | Lair:1   | Lost mutation: Scrolls take you a little longer to read.
                  | [potion of mutation]
113003 | Lair:1   | Lost mutation: You are clumsy. (Dex -2) [potion of
                  | mutation]
113003 | Lair:1   | Gained mutation: Your system is resistant to poisons.
                  | (rPois) [potion of mutation]
113570 | Zot:5    | Killed an ancient lich
113742 | Zot:5    | Killed a Killer Klown
113780 | Zot:5    | Received a gift from Okawaru
114302 | Lair:1   | Identified the +0 pair of boots "Toewaawk" {Stlth+}
                  | (Okawaru gifted it to you on level 5 of the Realm of Zot)
114829 | Zot:5    | Got the Orb of Zot
114884 | Zot:5    | Received a gift from Okawaru
115312 | D:15     | Noticed Taqeihuo the pandemonium lord
115653 | D:4      | Noticed Gegin the pandemonium lord
115727 | D:$      | Escaped with the Orb!

Illustrated notes

Levels and vault maps discovered:
D:1:      minmay_arrival_three_doors, layout_loops_corners
D:2:      layout_rooms, grunt_qazlal_clouds, minmay_increasing_density
D:3:      layout_loops_cross, lemuel_crystal_altar
D:4:      layout_basic, first_ration, minmay_mini_jars, uniq_ijyb, uniq_duvessa
D:5:      layout_loops_ring, gammafunk_temple_overflow_pools
D:6:      layout_loops_ring, minmay_temple_entry_statues_pillars,
          fedhas_ov_isle_minmay
D:7:      layout_loops_ring
D:8:      cheibrodos_fertilizer, layout_basic, nicolae_overflow_hidden_temple,
          dpeg_lair_monsters, serial_shops, kennysheep_little_box, uniq_grum
D:9:      layout_gridville, lemuel_zombie_altar_kikubaaqudgha,
          chequers_temple_overflow_minitemple, orc_0_dummy, serial_shops,
          kennysheep_mini_moat, basic_altar
D:10:     layout_irregular_city, hangedman_fish_farm
D:11:     layout_basic, enter_trove_5, nrook_guardian_serpent_double
D:12:     minmay_chambers_of_sevens, layout_irregular_city
D:13:     layout_basic
D:14:     layout_big_octagon, david_vaults_1, gammafunk_ghost_wrathful_warriors,
          dk_noncrumbling_3, lightli_airlock, uniq_snorg
D:15:     grunt_enter_depths_giant_problem, layout_loops_cross, basic_altar,
          chequers_serial_rivers_room_a, minivault_16
Temple:   minmay_temple_bridge_abc
Lair:1:   layout_layer_cave, st_stairs_12, uniq_harold, uniq_joseph,
          uniq_gastronok
Lair:2:   layout_concentric_octagons, nicolae_spider_entry_non_spiders
Lair:3:   layout_concentric_octagons, palyth_hydra_swamp_entry,
          nicolae_quartered_pool_medium, serial_bayou_pond_c,
          bobbens_dragon_lair_wall, lemuel_fruit_tree
Lair:4:   layout_regular_city, lemuel_oklob_altar
Lair:5:   layout_cave_pods, minmay_slime_entry_pillars, grunt_megastairs_4,
          infiniplex_staircase_pool
Lair:6:   minmay_lair_end_enchanted_forest, layout_regular_city,
          portal_ice_cave_demonic_guard
Swamp:1:  layout_falls_marsh, evilmike_swamp_ruin_house_5, uniq_aizul
Swamp:2:  layout_basic_swamp, nicolae_swamp_trees_clearing, uniq_kirke
Swamp:3:  layout_falls_marsh, lemuel_altar_in_water, uniq_nikola
Swamp:4:  swamp_vile, layout_basic_swamp, gammafunk_ghost_split, swamp_pool5
Spider:1: layout_spider_delve, ebering_ghost_rock_garden
Spider:2: layout_spider_delve
Spider:3: layout_spider_delve, uniq_bai_suzhen, uniq_donald
Spider:4: grunt_spider_rune_circles, guppyfry_spider_mini_3
Orc:1:    layout_caves, serial_shops, nicolae_shop_trees, abandoned_shop
Orc:2:    st_orc_open, layout_caves, basic_altar, mines1_david
Elf:1:    layout_loops_ring, hangedman_elf_disciples
Elf:2:    layout_rooms, serial_shops, nicolae_shop_waterfront
Elf:3:    minmay_elf_hall_not_hex, layout_geoelf_grid,
          gammafunk_ghost_fury_of_okawaru, serial_shops,
          nicolae_shop_temple_entry_statues_fountains, minmay_shop_star
Vaults:1: nicolae_vaults_three_branches, v_misc_11, nicolae_vaults_puzzle_piece,
          v_misc_24, hangedman_vaults_trim, v_misc_25,
          ontoclasm_vaults_ring_square, hangedman_vaults_nails,
          vaults_room_mumra_shop_pool, nicolae_vaults_network_quinsquares
          [nicolae_vaults_network_quincunx_subvault,
          nicolae_vaults_network_quincunx_subvault,
          nicolae_vaults_network_quincunx_subvault,
          nicolae_vaults_network_quincunx_subvault], nicolae_vaults_theta,
          layout_vaults_omnicross
Vaults:2: minmay_crypt_entry_vampire_xt, v_misc_5,
          nicolae_vaults_know_your_exits, hangedman_vaults_slither,
          nicolae_vaults_hallways_thing, hangedman_vaults_stretched_pinwheel,
          v_misc_9, v_misc_32, vaults_dpeg_encased_lava,
          nicolae_vaults_little_squares_3, v_misc_18, v_misc_11,
          layout_vaults_omnigrid, mu_enter_wizlab_1
Vaults:3: v_alt_pattern_4, ontoclasm_vaults_decontamination, v_alt_pattern_3,
          hangedman_vaults_corner, nicolae_vaults_little_squares_6,
          st_smaller_cells, ontoclasm_vaults_fault, vaults_room_semicircle,
          layout_vaults_big_room, serial_shops, shop
Vaults:4: hangedman_vaults_stitches, ontoclasm_vaults_twist, v_misc_1,
          vaults_room_door_hall, hangedman_vaults_nodes,
          hangedman_vaults_capsules, nicolae_vaults_mini_display_case,
          v_misc_24, nicolae_vaults_little_squares_6, nicolae_vaults_asterisk,
          v_misc_23, st_hourglassy, layout_vaults_omnibox, serial_shops,
          nicolae_shop_window_shopping, uniq_frederick
Vaults:5: serial_shops
Crypt:1:  layout_misc_corridors, st_burial_chamber
Crypt:2:  layout_gridlike
Crypt:3:  church_of_pain_bobbens, layout_chaotic_city,
          nicolae_crypt_little_mausoleum
Depths:1: layout_roguey, grunt_decor_resistance, serial_shops, shop_fountains,
          hellmouth_1, abyss_entry_flame_altar, eino_tiny_chamber,
          grunt_ministairs_2, grunt_tower_of_power, uniq_asterion, uniq_mara
Depths:2: minmay_connected_triangles_in_corner, layout_long_grid,
          enter_ziggurat_a, grunt_hell_entry_dis_mu, serial_bayou_ford_a
Depths:3: evilmike_inaccessible_box, layout_cave_pools, grunt_pan_entry_sceptre,
          minmay_misc_feat_rugged, hangedman_geh_valley, serial_bayou_shore_b,
          infiniplex_staircase_zigzag_2
Depths:4: radiant_caverns_a_rkd, hell_entry, abyss_entry
Depths:5: grunt_zot_entry_pinwheel, layout_basic, grunt_hell_horde,
          serial_shops, shop, drop_trap, minmay_stone_trees_small
Zot:1:    layout_misc_corridors, zot_minivault_5
Zot:2:    layout_gridlike, nicolae_transmutations_shop
Zot:3:    layout_gridlike
Zot:4:    gammafunk_sealed_arena, layout_twisted_circle
Zot:5:    layout_misc_corridors, bh_zot_lava_cross

Skill      XL: |  1  2  3  4  5  6  7  8  9 10 11 12 13 14 15 16 17 18 19 20 21 22 23 24 25 26 27 |
---------------+----------------------------------------------------------------------------------+-----
Slings         | 6 7 8 9 10 11 12 13 15 17 18 19 20 21 22 | 22.0
Fighting       | 2 3 5 6 9 10 11 12 13 14 15 16 17 18 19 20 21 22 | 22.0
Armour         | 1 2 3 5 7 9 11 13 14 15 16 17 18 19 20 21 22 | 22.0
Dodging        | 3 4 5 6 8 9 |  9.0
Short Blades   | 3 |  3.5
Invocations    | 2 3 5 6 7 9 21 | 21.5
Shields        | 3 6 9 11 12 13 14 15 18 21 22 | 22.0
Evocations     | 1 2 3 4 6 9 25 | 25.5
Stealth        | |  1.1

Action                   |  1- 3 |  4- 6 |  7- 9 | 10-12 | 13-15 | 16-18 | 19-21 | 22-24 | 25-27 || total
-------------------------+-------+-------+-------+-------+-------+-------+-------+-------+-------++-------
Melee: Short sword       |    60 |   125 |   235 |   582 |   598 |   651 |    96 |       |     6 ||  2353
       Club              |       |       |    16 |       |       |       |       |       |       ||    16
       Flail             |       |       |   106 |    37 |   345 |     5 |       |       |       ||   493
       Punch             |       |       |       |     2 |     1 |       |       |       |       ||     3
       Fustibalus        |       |       |       |       |     1 |       |       |       |       ||     1
       Rapier            |       |       |       |       |       |   402 |   245 |   553 |   129 ||  1329
 Fire: Hunting sling     |     7 |   116 |   148 |   207 |    37 |       |   250 |   124 |   256 ||  1145
       Fustibalus        |       |       |       |       |   820 |  1109 |  1610 |  1711 |  5051 || 10301
Throw: Dart              |       |     4 |       |    39 |    27 |    99 |    22 |    25 |       ||   216
       Boomerang         |       |       |     8 |    10 |    29 |    17 |       |       |    14 ||    78
Invok: Heroism           |       |       |       |    13 |    26 |    23 |     4 |    13 |    59 ||   138
       Finesse           |       |       |       |       |     1 |     5 |     4 |    10 |    35 ||    55
Evoke: Wand              |       |       |       |       |    21 |    11 |     5 |       |     7 ||    44
       Tin of tremorston |       |       |       |       |       |       |     1 |     6 |    10 ||    17
       Box of beasts     |       |       |       |       |       |       |       |       |     3 ||     3
  Use: Scroll            |       |     5 |     5 |     7 |    12 |     9 |     3 |     7 |    32 ||    80
       Potion            |       |       |       |     1 |     5 |     2 |     5 |     6 |    16 ||    35
  Eat: Chunk             |     1 |     9 |    14 |    17 |    42 |    33 |    15 |    14 |    41 ||   186
       Ration            |       |       |       |     3 |     7 |     5 |     6 |    10 |    18 ||    49
Armor: Leather armour    |     5 |       |       |       |       |       |       |       |       ||     5
       Scale mail        |    13 |    38 |       |       |       |       |       |       |       ||    51
       Plate armour      |       |    59 |   249 |   425 |   653 |       |       |       |       ||  1386
       Swamp dragon scal |       |       |       |       |    68 |   247 |   149 |       |       ||   464
       Crystal plate arm |       |       |       |       |       |   645 |   408 |   812 |  1063 ||  2928
Dodge: Dodged            |    43 |   128 |   214 |   452 |   884 |  1090 |   603 |   578 |   896 ||  4888
Block: Buckler           |       |       |       |       |   338 |   612 |   403 |   430 |       ||  1783
       Kite shield       |       |       |       |       |       |       |       |   451 |  2116 ||  2567
